 Dungeon Crawl Stone Soup version 0.17-a0-1763-g847a857 (console) character file.

21 Illiel the Shooter (level 2, -4/18 HPs)
             Began as a High Elf Arcane Marksman on Sept 4, 2015.
             Killed from afar by Natasha (11 damage)
             ... with a wand of flame
             ... on level 2 of the Dungeon.
             The game lasted 00:03:31 (787 turns).

Illiel the Shooter (High Elf Arcane Marksman)        Turns: 787, Time: 00:03:31

Health: -4/18      AC:  2    Str: 10    XL:     2   Next: 65%
Magic:  4/4        EV: 12    Int: 16    God:
Gold:   47         SH:  0    Dex: 14    Spells: 2 memorised, 0 levels left

rFire  . . .     SeeInvis .     a - +0 shortbow
rCold  . . .     Clarity  .     c - +0 robe
rNeg   . . .     SustAt   .     (no shield)
rPois  .         Gourm    .     (no helmet)
rElec  .         Spirit   .     (no cloak)
rCorr  .         Warding  .     (no gloves)
rMut   .         Stasis   .     (no boots)
MR     .....                    (no amulet)
Stlth  +.........               (no ring)
                                (no ring)

@: slowed, very slow, not resistant to hostile enchantments, very unstealthy
A: no striking features
a: no special abilities


You were on level 2 of the Dungeon.
You were not hungry.

You visited 1 branch of the dungeon, and saw 2 of its levels.

You collected 47 gold pieces.

Inventory:

Hand weapons
 a - a +0 shortbow (weapon)
Missiles
 b - 28 arrows (quivered)
Armour
 c - a +0 robe (worn)
Scrolls
 m - a scroll of enchant weapon {unknown}
 q - a scroll of enchant armour {unknown}
Potions
 g - 2 potions of magic {unknown}
 h - a potion of invisibility {unknown}
 i - a potion of agility {unknown}
 n - a potion of lignification {unknown}
Books
 d - a book of Debilitation

   Spells                             Type                      Level
   a - Corona                         Hexes                        1
   b - Slow                           Hexes                        2
   c - Gell's Gravitas                Hexes/Translocation          3
   d - Inner Flame                    Hexes/Fire                   3
   e - Cause Fear                     Hexes                        4
   f - Leda's Liquefaction            Hexes/Earth                  4
Comestibles
 e - a bread ration
 f - a meat ration
 o - a slice of pizza
 p - 2 chunks of flesh


   Skills:
 - Level 1.0 Fighting
 * Level 4.4 Bows
 - Level 2.1 Dodging
 - Level 1.2 Spellcasting
 - Level 3.0 Hexes


You couldn't memorise any spells.
You knew the following spells:

 Your Spells              Type           Power        Failure   Level  Hunger
a - Corona                Hex            ##.....      10%         1    ##.....
b - Slow                  Hex            ##......     12%         2    ###....


Dungeon Overview and Level Annotations

Branches:
Dungeon (2/15)

Altars:
Dithmenos

Annotations:
D:2 Natasha


Message History

Natasha hisses angrily.
Natasha zaps a wand.
The puff of flame hits you!
It is a wand of flame.
Natasha zaps a wand.
The puff of flame hits you! Natasha casts a spell at you.
You feel yourself slow down.
Read which item? (? for menu, Esc to quit)
As you read the scroll labeled PUF OMIDAAGYL, it crumbles to dust.
You feel blessed for a moment.
It was a scroll of remove curse.
Read which item? (? for menu, Esc to quit)
As you read the scroll labeled MAEWORGH UWAI, it crumbles to dust.
Forget which spell ([?*] list [ESC] exit)?
Forget which spell ([?*] list [ESC] exit)?
Okay, then.
It was a scroll of amnesia.
Read which item? (? for menu, Esc to quit)
As you read the scroll labeled OWNAKL TIBBA, it crumbles to dust.
Your ears itch!
It was a scroll of random uselessness.
Natasha zaps a wand.
The puff of flame hits you!
Ouch! That really hurt!
You die...

▒▒▒▒▒▒▒∙▒ ▒∙▒
▒▒▒∙▒▒▒ ▒∙∙∙∙∙▒
▒▒▒∙∙<▒ ▒∙∙∙∙
▒▒∙∙▒ ▒∙▒▒▒▒∙∙▒ ▒∙
▒∙∙∙∙∙∙)∙ ▒∙∙▒
▒▒▒▒▒▒∙∙∙ ▒∙∙▒
▒▒∙∙∙
▒∙∙▒▒▒▒▒▒▒▒▒∙▒∙∙
▒▒▒∙∙∙∙∙∙∙∙∙∙∙▒▒▒∙
▒▒▒∙∙∙∙∙∙∙)∙∙∙∙▒▒
▒
▒∙∙∙▒∙∙∙∙∙▒▒▒▒▒∙▒
▒∙▒∙▒∙∙▒∙∙▒▒▒▒▒▒)▒
▒∙∙@∙∙▒▒▒∙∙∙∙∙▒
▒∙$
▒h▒▒∙∙▒▒▒)∙▒▒∙▒
∙▒▒ ▒∙▒▒▒∙∙▒(∙▒▒ ∙
▒▒▒∙∙▒▒∙∙∙∙∙▒▒ ∙
▒∙∙∙∙∙∙∙∙∙∙∙∙∙∙∙[
∙
▒∙∙▒▒∙∙∙∙∙∙∙∙∙▒▒∙
▒∙▒▒▒▒∙∙∙▄∙∙∙▒▒
▒h∙▒▒∙∙∙∙∙∙∙∙∙▒
▒∙∙∙∙∙∙∙∙∙∙∙∙∙∙∙
▒▒▒∙∙▒▒∙∙∙∙∙▒▒∙∙∙
▒∙∙▒▒▒∙∙▒∙∙▒ ▒∙▒
▒∙∙▒ ∙▒▒▒∙∙ ▒∙∙∙


∙∙∙∙ ∙▒∙∙∙∙ ▒∙∙h∙▒ ▒∙∙∙∙ You could see Natasha.

Vanquished Creatures
  2 giant geckos (D:1)
  5 bats
  5 goblins
  A hobgoblin (D:1)
  2 giant newts (D:1)
  2 kobolds
  4 rats (D:1)
21 creatures vanquished.

Notes
Turn   | Place    | Note
--------------------------------------------------------------
     0 | D:1      | Illiel the High Elf Arcane Marksman began the quest for the Orb.
     0 | D:1      | Reached XP level 1. HP: 13/13 MP: 3/3
   215 | D:1      | Reached XP level 2. HP: 15/18 MP: 2/4
   219 | D:1      | Learned a level 2 spell: Slow
   307 | D:1      | Reached skill level 4 in Bows
   740 | D:2      | Found a shadowy altar of Dithmenos.
   774 | D:2      | Noticed Natasha
   787 | D:2      | Killed from afar by Natasha

Vault maps used:
D:1:      sevenhm_arrival_forest_fort_large_2
D:2:      wad_pebble_path, lemuel_blue_sif_altar,
          nicolae_dithmenos_shadow_blocks, uniq_jessica, uniq_natasha

Action                   || total
-------------------------++-------
 Fire: Shortbow          ||    48
 Cast: Corona            ||    16
  Use: Scroll            ||     3
